 Dungeon Crawl Stone Soup version 0.28-a0-957-g42eb19b844 (webtiles) character file.

Game seed: 12949775369126553628

30 horus123 the Ducker (level 3, 0/27 HPs)
             Began as a Demonspawn Gladiator on Dec 1, 2021.
             Was a Plaything of Xom.
             Splashed by a jelly's acid (3 damage)
             ... on level 2 of the Dungeon.
             The game lasted 00:02:17 (1876 turns).

horus123 the Ducker (Demonspawn Gladiator)          Turns: 1876, Time: 00:02:18

Health: 0/27       AC:  0    Str: 14    XL:     3   Next: 5%
Magic:  3/3        EV: 12    Int: 11    God:    Xom [..*...]
Gold:   52         SH:  0    Dex: 14    Spells: 2/2 levels left

rFire   . . .      SeeInvis .   a - +0 long sword
rCold   . . .      Faith    .   (no shield)
rNeg    . . .      Spirit   .   b - +0 leather armour
rPois   .          Reflect  .   c - +0 helmet
rElec   .          Harm     .   (no cloak)
rCorr   .          Rampage  .   (no gloves)
Will    .....                   (no boots)
Stlth   +.........              (no amulet)
HPRegen 0.09/turn               j - ring of wizardry
MPRegen 0.08/turn               (no ring)

@: corroded
A: demonic magic 2
a: Renounce Religion


You were on level 2 of the Dungeon.
You worshipped Xom.
You were a toy of Xom.
You visited 1 branch of the dungeon, and saw 2 of its levels.

You collected 52 gold pieces.

Inventory:

Hand Weapons
 a - a +0 long sword (weapon)
 g - a +2 short sword of venom
Missiles
 d - 3 throwing nets (quivered)
Armour
 b - a +0 leather armour (worn)
 c - a +0 helmet (worn)
Jewellery
 j - a ring of wizardry (left hand)
Potions
 e - a potion of invisibility {unknown}
 f - a potion of haste {unknown}
 i - a potion of degeneration {unknown}


   Skills:
 + Level 2.1 Fighting
 + Level 3.0 Long Blades
 + Level 1.9 Throwing
 + Level 0.5 Armour
 + Level 3.2 Dodging


You had 2 spell levels left.
You didn't know any spells.
Your spell library was empty.

Dungeon Overview and Level Annotations

Branches:
Dungeon (2/15)

Altars:
Xom

Shops:
D:1 ?


Innate Abilities, Weirdness & Mutations

Spells you cast may paralyse nearby enemies.


Message History

There is an open door here.
There is a stone staircase leading down here.
You open the door.
A ball python comes into view.
There is an open door here.
You closely miss the ball python. The ball python bites you.
The ball python grabs you. The ball python constricts you.
An endoplasm comes into view.
The ball python barely misses you. The ball python constricts you.
You closely miss the ball python.
The ball python bites you but does no damage.
The ball python constricts you.
The endoplasm quivers.
You slash the ball python!
You kill the ball python!
The endoplasm jiggles.
A jelly comes into view.
Found a club.
The jelly quivers.
The endoplasm freezes you.
You are frozen.
There is an open door here.
You hit the endoplasm.
You kill the endoplasm!
You barely miss the jelly. The jelly closely misses you.
You slash the jelly!
Your hands burn!
The jelly is heavily wounded.
The jelly barely misses you.
You hit the jelly.
Your hands burn!
The jelly is heavily wounded.
The jelly hits you.
You are splashed with acid!
* * * LOW HITPOINT WARNING * * *
The jelly hits you but does no damage.
You hit the jelly.
Your hands burn!
* * * LOW HITPOINT WARNING * * *
The jelly is severely wounded.
The jelly closely misses you.
You hit the jelly. The acid corrodes you!
Your hands burn!
You die...
Xom thinks this is hilarious!

.. ########.# ..
#........# ..
#.######## . #.#
#.# #.#
############# #.#
............####.##
........†...J@....#
............####..#
............# #..#
............# #..#
............# #..#
............# #..#
............# #..#
............# #..#
...)........#


You could see a jelly.

Vanquished Creatures
  3 endoplasms
  A giant cockroach (D:1)
  4 goblins (D:1)
  A hobgoblin (D:1)
  2 jackals (D:1)
  A quokka (D:1)
  3 ball pythons
  4 bats (D:1)
  2 frilled lizards (D:1)
  4 kobolds (D:1)
  3 rats
28 creatures vanquished.

Vanquished Creatures (others)
  A fungus (D:1)
1 creature vanquished.

Grand Total: 29 creatures vanquished

Notes
Turn   | Place    | Note
-------+----------+-------------------------------------------
     0 | D:1      | horus123 the Demonspawn Gladiator began the quest for the
                  | Orb.
     0 | D:1      | Reached XP level 1. HP: 16/16 MP: 1/1
   234 | D:1      | Gained mutation: Spells you cast may paralyse adjacent
                  | enemies. [demonic ancestry]
   234 | D:1      | Reached XP level 2. HP: 19/22 MP: 2/2
   308 | D:1      | Found Aqirgh's Magic Scroll Shop.
   803 | D:1      | Found a faded altar of an unknown god.
  1650 | D:1      | Prayed at the altar of an unknown god.
  1650 | D:1      | Became a worshipper of Xom of Chaos
  1797 | D:2      | Gained mutation: Spells you cast may paralyse nearby
                  | enemies. [demonic ancestry]
  1797 | D:2      | Reached XP level 3. HP: 27/27 MP: 3/3
  1876 | D:2      | Splashed by a jelly's acid

Illustrated notes

Levels and vault maps discovered:
D:1:      lemuel_arrival_muddy, layout_basic, shapermc_ecumenical_altar_ellora,
          serial_shops, shop, nicolae_figureground_pulse
D:2:      layout_basic, minivault_24

Skill      XL: |  1  2 |
---------------+-------+-----
Dodging        | 3 |  3.2
Long Blades    | 3 |  3.0
Fighting       | |  2.1
Throwing       | |  1.9
Armour         | |  0.5

Action                   || total
-------------------------++-------
Melee: Long sword        ||    86
  Use: Scroll            ||     2
 Stab: Sleeping          ||     2
Armor: Leather armour    ||    32
Dodge: Dodged            ||    59

Table legend: (Time is in decaauts)
 A = Elapsed time spent in this place.
 B = Non-inter-level travel time spent in this place.
 C = Inter-level travel time spent in this place.
 D = Time resting spent in this place.
 E = Time spent auto-exploring this place.
 F = Levels seen in this place.
 G = Mean time per level.
                   A        B        C        D        E       F      G
               +--------+--------+--------+--------+--------+-----+--------+
         Total |   1897 |   1813 |     84 |    257 |   1269 |   2 |  948.5 |
       Dungeon |   1897 |   1813 |     84 |    257 |   1269 |   2 |  948.5 |
               +--------+--------+--------+--------+--------+-----+--------+

Top non-repeatable levels by time:
     D:1: 1791 daAuts
     D:2: 106 daAuts
